 Dungeon Crawl Stone Soup version 0.29.1 (webtiles) character file.

Game seed: 3547825072140835494

528721 Godmorgon the Conqueror (level 24, -2/249 HPs)
             Began as a Minotaur Fighter on Sept 12, 2022.
             Was the Champion of Okawaru.
             Killed from afar by Wentworth's ghost (38 damage)
             ... with an arc of chain lightning
             ... on level 4 of the Realm of Zot on Sept 13, 2022.
             The game lasted 04:59:34 (54084 turns).

Godmorgon the Conqueror (Minotaur Fighter)         Turns: 54084, Time: 04:59:34

Health: -2/249     AC: 46    Str: 28    XL:     24   Next: 35%
Magic:  18/24      EV: 20    Int: 12    God:    Okawaru [******]
Gold:   3762       SH: 25    Dex: 19    Spells: 33/33 levels left

rFire   + . .      SeeInvis +   a - +9 demon whip (elec)
rCold   + + .      Faith    .   V - +0 tower shield of Doucluy {rC+ rCorr Int+5 Dex-4}
rNeg    . . .      Spirit   .   l - +7 crystal plate armour "Qizunuov" {rC+ Regen+ Stlth+}
rPois   +          Reflect  .   B - +1 hat {SInv}
rElec   .          Harm     .   F - scarf {repulsion}
rCorr   +          Rampage  ∞   O - +0 pair of fencer's gloves {Riposte Dex+3}
Will    ++...                   U - +3 pair of seven-league boots {Rampage+∞}
Stlth   ..........              L - amulet of the acrobat
HPRegen 1.31/turn               J - ring "Womiyj" {rF+ Will+ rCorr}
MPRegen 0.19/turn               A - ring "Earthly Heaven" {rPois MP-9 Dex+7 Slay+3}

@: mighty, heroic, finesse-ful, studying 3 skills, repel missiles
A: horns 2, retaliatory headbutt
}: 3/15 runes: decaying, silver, gossamer
a: Renounce Religion, Heroism, Finesse, Duel


You were on level 4 of the Realm of Zot.
You worshipped Okawaru.
Okawaru was exalted by your worship.
You visited 9 branches of the dungeon, and saw 44 of its levels.
You also visited: Sewer, Gauntlet and Ice Cave.

You collected 7567 gold pieces.
You spent 3805 gold pieces at shops.

Inventory:

Hand Weapons
 a - a +9 demon whip of electrocution (weapon)
 c - a +7 vampiric morningstar
 x - a +3 demon trident of flaming
Missiles
 d - 19 javelins (quivered)
 p - 20 atropa-tipped darts
 q - 20 boomerangs
 v - 5 curare-tipped darts
 D - 7 throwing nets
 P - 11 silver javelins
 Z - 3 boomerangs of dispersal
Armour
 g - a scarf of resistance
 l - the +7 crystal plate armour "Qizunuov" (worn) {rC+ Regen+ Stlth+}
   (Okawaru gifted it to you on level 1 of the Vaults)

   rC:        It protects you from cold.
   Regen:     It increases your rate of health regeneration.
   Stlth:     It makes you more stealthy.
 B - a +1 hat of see invisible (worn)
 F - a scarf of repulsion (worn)
 O - the +0 pair of fencer's gloves (worn) {Riposte Dex+3}
   (You bought it in a shop on level 9 of the Dungeon)

   It allows the wearer to riposte with melee weapons, swiftly retaliating
   against missed or blocked melee attacks.
   Dex:       It affects your dexterity (+3).
 S - the +1 kite shield of Impermeability {Regen+ Int+2 SInv}
   (Okawaru gifted it to you on level 3 of the Vaults)

   Int:       It affects your intelligence (+2).
   SInv:      It lets you see invisible.
   Regen:     It increases your rate of health regeneration.
 U - the +3 pair of seven-league boots (worn) {Rampage+∞}
   (You found it on level 5 of the Vaults)

   Its wearer moves as far as possible in that direction when moving towards
   enemies.
 V - the +0 tower shield of Doucluy (worn) {rC+ rCorr Int+5 Dex-4}
   (Okawaru gifted it to you on level 3 of the Realm of Zot)

   Int:       It affects your intelligence (+5).
   Dex:       It affects your dexterity (-4).
   rC:        It protects you from cold.
   rCorr:     It protects you from acid and corrosion.
 W - the +2 pair of boots of the Echidna {rF+}
   (Okawaru gifted it to you on level 1 of the Realm of Zot)

   rF:        It protects you from fire.
Magical Staves
 b - a staff of air
Jewellery
 e - a ring of flight
 A - the ring "Earthly Heaven" (right hand) {rPois MP-9 Dex+7 Slay+3}
   (You found it on level 2 of the Lair of Beasts)

   [ring of poison resistance]

   Dex:       It affects your dexterity (+7).
   Slay:      It affects your accuracy & damage with ranged weapons and melee
   (+3).
   rPois:     It protects you from poison.
   MP:        It affects your magic capacity (-9).
 J - the ring "Womiyj" (left hand) {rF+ Will+ rCorr}
   (You found it in a Gauntlet)

   [ring of willpower]

   rF:        It protects you from fire.
   rCorr:     It protects you from acid and corrosion.
   Will:      It increases your willpower.
 L - an amulet of the acrobat (around neck)
Wands
 u - a wand of digging (9)
 y - a wand of roots (29)
 N - a wand of light (28)
Scrolls
 f - 7 scrolls of blinking
 k - 14 scrolls of teleportation
 r - 5 scrolls of poison
 w - a scroll of enchant armour
 z - 6 scrolls of magic mapping
 G - 2 scrolls of silence
 K - 6 scrolls of fear
 M - a scroll of enchant weapon
 Y - 7 scrolls of fog
Potions
 h - 5 potions of haste
 i - 8 potions of resistance
 j - a potion of flight
 m - 3 potions of mutation
 n - 31 potions of curing
 o - 3 potions of cancellation
 s - 15 potions of heal wounds
 t - 6 potions of magic
 C - 5 potions of invisibility
 E - a potion of berserk rage
 H - 7 potions of might
 I - 8 potions of lignification
 X - 12 potions of ambrosia
Miscellaneous
 R - a phial of floods
 T - a lightning rod (4/4)


   Skills:
 O Level 27 Fighting
 - Level 16.0(21.0) Maces & Flails
 + Level 16.1(21.1) Throwing
 + Level 23.1(27) Armour
 + Level 20.2(25.2) Dodging
 + Level 20.2(25.2) Shields
 - Level 5.0 Spellcasting
 + Level 15.1 Invocations
 - Level 5.0 Evocations


You had 33 spell levels left.
You didn't know any spells.
Your spell library was empty.

Dungeon Overview and Level Annotations

Branches:
Dungeon (15/15)            Temple (1/1) D:6            Lair (5/5) D:10
  Swamp (4/4) Lair:3       Spider (4/4) Lair:2        Slime (0/5) Lair:5
    Orc (2/2) D:9             Elf (0/3) Orc:2        Vaults (5/5) D:14
  Crypt (0/3) Vaults:3     Depths (4/4) D:15            Zot (4/5) Depths:4
  Sewer (visited)           IceCv (visited)         Gauntlet (visited)

Altars:
Ashenzari
Cheibriados
Dithmenos
Elyvilon
Fedhas
Gozag
Hepliaklqana
Kikubaaqudgha
Makhleb
Nemelex Xobeh
Okawaru
Qazlal
Ru
Sif Muna
Trog
Uskayaw
Vehumet
Wu Jian
Xom
Yredelemnul
Zin
The Shining One
Jiyva

Shops:
D:2 [   D:6 *   D:7 ***   D:9 [(**   Orc:1 [   Orc:2 =[[(   Vaults:5 ![
Depths:2 [*(?   Depths:4 ((

Portals:
Hell: Depths:1 Depths:2 Depths:3 Depths:4
Abyss: Depths:3
Pandemonium: Depths:2
Ziggurat: Depths:4
Trove: D:10 (give +5 demon trident)

Annotations:
Zot:2 2 transporters, exclusion: orange crystal statue
Zot:4 Wentworth's ghost, master OpIE


Innate Abilities, Weirdness & Mutations

You have a pair of horns on your head.
You reflexively headbutt those who attack you in melee.


Message History

You thrash the ancient lich!!
The ancient lich is heavily damaged.
You whack the ancient lich! You headbutt the ancient lich.
The ancient lich is severely damaged.
You block the ancient lich's attack.
You whack the ancient lich!
The ancient lich is severely damaged.
You hit the ancient lich but do no damage.
You headbutt the ancient lich!!
The ancient lich is almost destroyed.
You closely miss the ancient lich.
The ancient lich is almost destroyed.
You completely miss the ancient lich.
The ancient lich is almost destroyed.
The ancient lich points at you and mumbles some strange words.
You resist with some effort.
The ball lightning explodes!
The blast of lightning engulfs the ancient lich!!
The ancient lich resists.
The ancient lich is destroyed!
The blast of lightning engulfs the ball lightning.
The ball lightning completely resists.
The blast of lightning engulfs the ancient lich!!
The ancient lich resists.
The blast of lightning engulfs Wentworth's ghost!!
Wentworth's ghost resists.
The blast of lightning engulfs you!!!
* * * LOW HITPOINT WARNING * * *
The blast of lightning engulfs the dread lich!
The dread lich resists.
Wentworth's ghost mumbles some strange words.
Lightning arcs from Wentworth's ghost's tentacles!
The bolt of lightning hits the ancient lich!!!!
The ancient lich resists.
The ancient lich is destroyed!
A bolt of lightning appears from out of thin air!
The bolt of lightning hits the dread lich!!
The dread lich resists.
The bolt of lightning hits Wentworth's ghost.
Wentworth's ghost resists.
The bolt of lightning hits you!!!
You die...

##...## ##...##
##...## ##...##
##)[...## ##...##
##.[.#...## ##...#
#######...###...##
##..# .....#).)##
##...### #..#
......[)##
##....#### #..#
####...## #....*..#
#### ##)..##
#.@.....# ##))...##
###'W'###
##.).#...##
#.L.....# ####
##...###...#
#L)!*_⌠![)##..#
#...## ##..#
###"#.#:####..#
...## #..# ###[###
#..# ..## #..# ####
#..# ...#
#..######..######..#
...#
#.....>............#


You could see an ancient lich, a dread lich, a battlesphere, Wentworth's ghost
and a ball lightning (wandering).

Vanquished Creatures
  4 dread liches
  An orb of fire (Zot:3)
  A juggernaut (Depths:4)
  Sojobo (Vaults:4)
  Saint Roka (Orc:2)
  Xtahua (Depths:4)
  10 golden dragons
  3 electric golems
  Jorgrun (Swamp:3)
  Rupert (D:13)
  20 tentacled monstrosities
  2 liches
  Zenata (Vaults:1)
  Asterion (Vaults:3)
  8 quicksilver dragons
  2 sphinxes
  3 death cobs (Zot:3)
  10 tengu reavers
  9 storm dragons
  8 shadow dragons
  A fenstrider witch (Swamp:2)
  9 draconian monks
  Donald (Vaults:2)
  Roxanne (Spider:1)
  7 frost giants
  6 draconian knights
  A fire giant (Depths:4)
  23 vault wardens
  5 ghost moths
  5 emperor scorpions
  9 draconian scorchers
  An orc warlord (Orc:1)
  4 iron dragons
  7 draconian shifters
  A cacodemon (Depths:2)
  A balrug (Depths:3)
  4 ghouls
  7 draconian annihilators
  9 draconian stormcallers
  A reaper (Depths:1)
  A broodmother (Spider:4)
  14 very ugly things
  15 ironbound preservers
  3 war gargoyles
  12 stone giants
  11 ironbound thunderhulks
  10 green draconians
  2 deep elf demonologists (Vaults:5)
  18 black draconians
  An entropy weaver (shapeshifter) (Vaults:5)
  2 eleionomae
  6 dire elephants
  20 red draconians
  8 entropy weavers
  14 yellow draconians
  15 purple draconians
  A deep elf annihilator (Vaults:5)
  4 bunyips
  12 ettins
  21 white draconians
  13 spark wasps
  A minotaur (Gauntlet)
  Snorg (D:11)
  2 crystal guardians
  A deep elf death mage (Vaults:3)
  A green death (Depths:1)
  10 fire dragons
  6 ice dragons
  18 yaktaur captains
  2 caustic shrike simulacra (Depths:2)
  5 great orbs of eyes
  6 ironbound frosthearts
  3 rakshasas
  23 hydras
  6 deep elf high priests
  34 vault guards
  Fannar (D:10)
  A death knight (Vaults:3)
  6 ghost crabs
  3 peacekeepers
  9 centaur warriors
  2 ogre magi
  5 jorogumos
  3 radroaches
  2 anacondas (shapeshifter)
  6 boulder beetles
  4 spriggan air magi
  7 alligators
  3 deep troll shamans
  4 two-headed ogres
  A death scarab (Spider:2)
  12 death yaks
  2 hell hogs (Depths:4)
  Urug (Lair:4)
  7 deep troll earth magi
  3 tengu warriors
  13 hell knights
  13 spriggans
  2 sun demons
  3 soul eaters
  2 orc high priests (Orc:2)
  6 spriggan berserkers
  A fire crab (Gauntlet)
  7 pharaoh ants
  5 iron trolls
  6 skeletal warriors
  A goliath frog (shapeshifter) (Depths:3)
  Lodul (D:13)
  11 orb spiders
  5 spriggan druids
  A death drake (shapeshifter) (D:14)
  A shadow wraith (Depths:1)
  6 goliath frogs
  2 orange crystal statues
  8 steelbarb worms
  A flayed ghost (Depths:2)
  41 deep trolls
  2 glowing orange brains (shapeshifter)
  A glowing orange brain (Depths:2)
  9 swamp dragons
  A steelbarb worm (shapeshifter) (Vaults:5)
  A golden dragon skeleton (Depths:2)
  10 wizards
  9 lindwurms
  17 ironbound convokers
  A deep elf pyromancer (D:15)
  4 phantasmal warriors
  6 bog bodies
  12 necromancers
  4 harpies (Vaults:2)
  A large abomination (Depths:1)
  17 wolf spiders
  An orc knight (Orc:1)
  2 manticores (D:14)
  An orc sorcerer (Orc:2)
  23 moths of wrath
  A fire giant zombie (Vaults:1)
  A frost giant zombie (Vaults:1)
  36 ugly things
  2 will-o-the-wisps
  A manticore (shapeshifter) (Vaults:5)
  An oklob plant (Depths:2)
  2 cyclopes
  An ice statue (IceCv)
  A salamander (Depths:3)
  3 black mambas
  Maurice (D:13)
  A rust devil (Depths:2)
  A torpor snail (shapeshifter) (Depths:3)
  27 vault sentinels
  11 cane toads
  4 torpor snails
  A smoke demon (Depths:3)
  55 yaktaurs
  3 gargoyles
  Maggie (D:8)
  A kobold demonologist (D:12)
  4 unseen horrors
  4 freezing wraiths
  11 demonic crawlers
  2 ice devils (Depths:2)
  5 rime drakes
  A tengu conjurer (Depths:4)
  A komodo dragon (shapeshifter) (Depths:2)
  12 komodo dragons
  A human skeleton (Vaults:1)
  17 polar bears
  4 trolls
  10 meliai
  A bloated husk (Swamp:2)
  15 hornets
  17 blink frogs
  A slime creature (shapeshifter) (Vaults:5)
  4 raiju (Lair:5)
  9 tyrant leeches
  5 dream sheep
  16 tarantellas
  A fire giant simulacrum (Depths:2)
  26 jumping spiders
  A frost giant simulacrum (Depths:2)
  30 slime creatures
  A shadow (D:9)
  11 culicivoras
  A yak (shapeshifter) (Vaults:5)
  A spriggan (shapeshifter) (Spider:2)
  3 wyverns
  5 wraiths
  3 fire bats (Gauntlet)
  An ettin skeleton (Vaults:1)
  2 vampires
  59 yaks
  Grum (D:9)
  7 basilisks
  5 steam dragons
  66 redbacks
  A human simulacrum (Vaults:1)
  A chaos spawn (Depths:1)
  Menkaure (D:5)
  9 vampire mosquitoes
  16 swamp worms
  A two-headed ogre zombie (D:9)
  An acid dragon (D:11)
  15 wargs
  12 hell hounds
  16 swamp drakes
  13 water moccasins
  5 ice beasts
  14 black bears
  36 orc warriors
  2 sky beasts (D:7)
  13 ogres
  5 centaurs
  57 wolves
  4 phantoms
  5 kobold brigands
  5 bullfrogs
  4 necrophages
  A gnoll sergeant (D:10)
  A small abomination (Depths:1)
  2 scorpions
  9 wights
  A troll zombie (D:9)
  10 killer bees (D:9)
  2 howler monkeys
  9 jellies
  2 electric eels (Lair:1)
  5 hounds
  19 orc priests
  An iron imp (D:3)
  An iguana (shapeshifter) (Depths:1)
  12 iguanas
  25 orc wizards
  3 hell rats
  A statue (D:11)
  6 ogre zombies (D:9)
  12 gnolls
  10 adders
  12 river rats
  A shadow imp (D:6)
  An ufetubus (D:5)
  2 worms
  4 dart slugs
  112 orcs
  8 ball pythons
  7 bats
  10 endoplasms
  5 giant cockroaches
  6 goblins
  2 hobgoblins (D:1)
  5 jackals
  9 quokkas
  6 frilled lizards
  3 goblin skeletons (D:9)
  A hobgoblin skeleton (D:9)
  2 hobgoblin zombies (D:9)
  30 kobolds
  6 orc skeletons (D:9)
  13 orc zombies (D:9)
  26 rats
  A fire vortex (Depths:3)
2012 creatures vanquished.

Vanquished Creatures (others)
  2 ancient liches (Zot:4)
  A draconian annihilator (Zot:4)
  A draconian shifter (Zot:4)
  2 hydras (Swamp:4)
  A spriggan druid (Swamp:4)
  A deep troll (Vaults:4)
  A deep elf pyromancer (D:15)
  2 ball lightnings (Zot:4)
  4 foxfires
  36 fungi
  54 plants
  7 toadstools (D:5)
  22 withered plants (Swamp:3)
134 creatures vanquished.

Grand Total: 2146 creatures vanquished

Notes
Turn   | Place    | Note
-------+----------+-------------------------------------------
     0 | D:1      | Godmorgon the Minotaur Fighter began the quest for the Orb.
     0 | D:1      | Reached XP level 1. HP: 19/19 MP: 0/0
   184 | D:1      | Reached XP level 2. HP: 25/27 MP: 1/1
   271 | D:1      | Reached skill level 4 in Fighting
   383 | D:1      | Found a faded altar of an unknown god.
   451 | D:1      | Reached XP level 3. HP: 33/33 MP: 2/2
  1366 | D:2      | Reached skill level 1 in Throwing
  1403 | D:2      | Reached XP level 4. HP: 41/41 MP: 3/3
  1809 | D:2      | Found Lyozuv's Armour Shoppe.
  2116 | D:3      | Found a snail-covered altar of Cheibriados.
  2176 | D:3      | You are sucked into a shaft and drop 3 floors!
  2188 | D:6      | Noticed a phantom
  2195 | D:6      | Killed a phantom
  2196 | D:6      | Reached skill level 5 in Maces & Flails
  2196 | D:6      | Reached XP level 5. HP: 45/47 MP: 4/4
  2354 | D:6      | Reached skill level 5 in Fighting
  2359 | D:6      | Reached XP level 6. HP: 52/56 MP: 5/5
  2383 | D:6      | Found Haitoof's Assorted Antiques.
  2757 | D:6      | Reached XP level 7. HP: 28/61 MP: 6/6
  3051 | D:5      | Entered Level 5 of the Dungeon
  3473 | D:5      | Reached skill level 6 in Fighting
  3506 | D:5      | Reached skill level 5 in Throwing
  3515 | D:5      | Noticed a slime creature
  3515 | D:5      | Noticed a slime creature
  3786 | D:4      | Reached XP level 8. HP: 25/70 MP: 7/7
  4016 | D:4      | Found a glowing drain.
  4023 | Sewer    | Entered a sewer
  5442 | D:4      | Reached skill level 7 in Fighting
  5787 | D:5      | Found a broken altar of Ashenzari.
  5939 | D:5      | Reached skill level 10 in Maces & Flails
  6088 | D:5      | Noticed Menkaure
  6094 | D:5      | Killed Menkaure
  6095 | D:5      | Reached XP level 9. HP: 20/81 MP: 8/8
  6753 | D:5      | Reached skill level 8 in Fighting
  7442 | D:6      | Found a shadowy altar of Dithmenos.
  7520 | D:6      | Bought a glowing scarf for 208 gold pieces
  7555 | D:6      | Found a staircase to the Ecumenical Temple.
  7565 | Temple   | Entered the Ecumenical Temple
  7704 | Temple   | Became a worshipper of Warmaster Okawaru
  8240 | D:3      | Found an ancient bone altar of Kikubaaqudgha.
  8805 | D:6      | Bought a scroll labelled QEMYNORHIJ for 26 gold pieces
  8805 | D:6      | Bought a scroll labelled DIRPHE MONAVO for 26 gold pieces
  8860 | D:6      | Bought a scroll labelled AGIAKA ROONG for 26 gold pieces
  8945 | D:7      | Found Toem's General Store.
  8957 | D:7      | Found Opnuyhuj's Specific Store.
  8997 | D:7      | Reached skill level 9 in Fighting
  9099 | D:7      | Found a glowing golden altar of the Shining One.
  9099 | D:7      | Found a shimmering blue altar of Sif Muna.
  9099 | D:7      | Found a radiant altar of Vehumet.
  9539 | D:7      | Reached * piety under Okawaru
  9861 | D:7      | Found Avunnaby's Assorted Antiques.
  9875 | D:7      | Reached XP level 10. HP: 91/92 MP: 9/9
 10262 | D:8      | Noticed Maggie
 10276 | D:8      | Killed Maggie
 10277 | D:8      | Reached skill level 1 in Invocations
 10397 | D:6      | Bought a clear potion for 23 gold pieces
 10397 | D:6      | Bought a red potion for 23 gold pieces
 10397 | D:6      | Bought a scroll labelled PINYLOURESK for 26 gold pieces
 10397 | D:6      | Bought a scroll labelled PINYLOURESK for 26 gold pieces
 10439 | D:8      | Found an opulent altar of Gozag.
 10440 | D:8      | Found a bloodstained altar of Trog.
 10569 | D:8      | Found a sparkling altar of Nemelex Xobeh.
 11090 | D:8      | Reached skill level 1 in Dodging
 11539 | D:9      | Reached skill level 10 in Fighting
 11584 | D:9      | Found Xickuh's Weapon Boutique.
 11596 | D:9      | Identified the +5 ring mail of Narcissism {rF+ Dex+2}
 11620 | D:9      | Reached ** piety under Okawaru
 11688 | D:9      | Noticed Grum
 11698 | D:9      | Killed Grum
 11860 | D:9      | Found a hide-covered altar of Uskayaw.
 12167 | D:9      | Found Vonaskom's Armour Shoppe.
 12173 | D:9      | Bought a +0 kite shield for 63 gold pieces
 12253 | D:9      | Found a staircase to the Orcish Mines.
 12281 | D:9      | Reached skill level 5 in Shields
 12289 | D:9      | Reached skill level 5 in Armour
 12602 | D:9      | Found Ynedd's General Store.
 12616 | D:9      | Found Rirabumn's General Store.
 12929 | D:10     | Entered Level 10 of the Dungeon
 13207 | D:10     | Reached XP level 11. HP: 96/101 MP: 13/13
 13274 | D:10     | Found a shimmering altar of Xom.
 13278 | D:10     | Reached *** piety under Okawaru
 13562 | D:10     | Found a staircase to the Lair.
 13572 | D:10     | Noticed Fannar
 13599 | D:10     | Killed Fannar
 13986 | D:10     | Reached skill level 5 in Invocations
 14247 | D:10     | Found a portal to a secret trove of treasure.
 14327 | Lair:1   | Entered Level 1 of the Lair of Beasts
 14399 | Lair:1   | Reached **** piety under Okawaru
 14955 | Lair:1   | Received a gift from Okawaru
 15433 | Lair:1   | Received a gift from Okawaru
 15744 | Lair:1   | Received a gift from Okawaru
 15805 | Lair:1   | Reached skill level 11 in Fighting
 16352 | Lair:2   | Received a gift from Okawaru
 16365 | Lair:2   | Reached skill level 15 in Maces & Flails
 16447 | Lair:2   | Identified the ring "Earthly Heaven" {rPois MP-9 Dex+7
                  | Slay+3}
 16507 | Lair:2   | Reached skill level 5 in Dodging
 16507 | Lair:2   | Reached XP level 12. HP: 110/110 MP: 4/16
 16757 | Lair:2   | Noticed a death yak
 16758 | Lair:2   | Noticed a death yak
 16758 | Lair:2   | Noticed a death yak
 16758 | Lair:2   | Noticed a death yak
 16761 | Lair:2   | Noticed a death yak
 16779 | Lair:2   | Killed a death yak
 16780 | Lair:2   | Reached skill level 1 in Spellcasting
 16792 | Lair:2   | Killed a death yak
 16804 | Lair:2   | Killed a death yak
 16815 | Lair:2   | Killed a death yak
 16815 | Lair:2   | Reached ***** piety under Okawaru
 16821 | Lair:2   | Killed a death yak
 17300 | Lair:2   | Found a hole to the Spider Nest.
 17748 | D:9      | Bought a scroll of enchant weapon for 97 gold pieces
 17748 | D:9      | Bought a scroll of magic mapping for 97 gold pieces
 17748 | D:9      | Bought a potion of haste for 130 gold pieces
 17967 | Lair:3   | Received a gift from Okawaru
 18244 | Lair:3   | Noticed a seven-headed hydra
 18258 | Lair:3   | Killed a seven-headed hydra
 18360 | Lair:3   | Identified the +8 dire flail of Siz Fiuf {vorpal, Contam
                  | Will+ Str+2} (Okawaru gifted it to you on level 3 of the
                  | Lair of Beasts)
 18360 | Lair:3   | Received a gift from Okawaru
 18550 | Lair:3   | Found a staircase to the Swamp.
 18593 | Lair:3   | Found an ornate altar of the Wu Jian Council.
 18593 | Lair:3   | Found a hide-covered altar of Uskayaw.
 18593 | Lair:3   | Noticed a boulder beetle
 18600 | Lair:3   | Killed a boulder beetle
 18620 | Lair:3   | Reached skill level 12 in Fighting
 18896 | Lair:4   | Noticed Urug
 18907 | Lair:4   | Killed Urug
 19011 | Lair:4   | Reached XP level 13. HP: 95/118 MP: 9/18
 19239 | Lair:4   | Received a gift from Okawaru
 19497 | Lair:4   | Identified the +5 flail "Xamoulun" {vamp, SInv} (Okawaru
                  | gifted it to you on level 4 of the Lair of Beasts)
 19497 | Lair:4   | Received a gift from Okawaru
 20034 | Lair:5   | Entered Level 5 of the Lair of Beasts
 20073 | Lair:5   | Found a frozen archway.
 20092 | IceCv    | Entered an ice cave
 20679 | IceCv    | Identified the +0 pair of boots of Contentment {Regen+
                  | Dex+7 SInv} (Okawaru gifted it to you in an ice cave)
 20679 | IceCv    | Received a gift from Okawaru
 20873 | IceCv    | Reached skill level 10 in Invocations
 21494 | D:9      | Bought the +0 pair of fencer's gloves {Riposte Dex+3} for
                  | 520 gold pieces
 21494 | D:9      | Found the +0 pair of fencer's gloves {Riposte Dex+3}
 21868 | Lair:5   | Reached skill level 13 in Fighting
 21914 | Lair:5   | Reached XP level 14. HP: 129/129 MP: 11/20
 21929 | Lair:5   | Found a staircase to the Slime Pits.
 21929 | Lair:5   | Found a viscous altar of Jiyva.
 22062 | Lair:5   | Reached skill level 10 in Armour
 22209 | Lair:5   | Received a gift from Okawaru
 22361 | Lair:5   | Received a gift from Okawaru
 22401 | Lair:5   | Reached skill level 10 in Shields
 22415 | Lair:5   | Reached ****** piety under Okawaru
 22438 | Lair:5   | Received a gift from Okawaru
 23036 | D:9      | Bought a scroll of enchant armour for 97 gold pieces
 23037 | D:9      | Bought a scroll of identify for 26 gold pieces
 23037 | D:9      | Identified a scroll of acquirement
 23038 | D:9      | Bought a scroll of teleportation for 39 gold pieces
 23038 | D:9      | Bought a potion of might for 52 gold pieces
 23183 | D:10     | Acquired a +7 vampiric morningstar
 23219 | D:11     | Found a radiant altar of Vehumet.
 23707 | D:11     | Noticed Snorg
 23713 | D:11     | Killed Snorg
 24146 | D:12     | Identified the +3 leather armour of Past Mistakes {rPois
                  | rF+ Stlth+}
 24489 | D:13     | Found a gate leading to a gauntlet.
 24502 | D:13     | Noticed Lodul
 24515 | D:13     | Noticed Maurice
 24516 | D:13     | Killed Lodul
 24520 | D:13     | Killed Maurice
 24537 | Gauntlet | Entered a Gauntlet
 24537 | Gauntlet | Found a large runed translucent door.
 24537 | Gauntlet | Found a large runed translucent door.
 24537 | Gauntlet | Found a large runed translucent door.
 24537 | Gauntlet | Found a large runed translucent door.
 24537 | Gauntlet | Found a large runed translucent door.
 24537 | Gauntlet | Found a large runed translucent door.
 24537 | Gauntlet | Found a runed translucent door.
 24537 | Gauntlet | Found a transporter.
 24537 | Gauntlet | Found a runed translucent door.
 24537 | Gauntlet | Found a large runed translucent door.
 24537 | Gauntlet | Found a large runed translucent door.
 24537 | Gauntlet | Found a large runed translucent door.
 24537 | Gauntlet | Found a large runed translucent door.
 24537 | Gauntlet | Found a large runed translucent door.
 24537 | Gauntlet | Found a large runed translucent door.
 24540 | Gauntlet | Found a large runed translucent door.
 24540 | Gauntlet | Found a large runed translucent door.
 24540 | Gauntlet | Found a transporter.
 24541 | Gauntlet | Found a runed translucent gate.
 24541 | Gauntlet | Found a runed translucent gate.
 24542 | Gauntlet | Found a runed translucent gate.
 24543 | Gauntlet | Found a transporter.
 24543 | Gauntlet | Found a transporter.
 24546 | Gauntlet | Found a transporter.
 24547 | Gauntlet | Found a transporter.
 24549 | Gauntlet | Noticed a reaper
 24553 | Gauntlet | Found a large runed translucent door.
 24554 | Gauntlet | Found a large runed translucent door.
 24557 | Gauntlet | Found a transporter.
 24576 | Gauntlet | Found a transporter.
 24578 | Gauntlet | Found a transporter.
 24582 | Gauntlet | Found a transporter.
 24584 | Gauntlet | Found a runed translucent door.
 24586 | Gauntlet | Found a runed translucent door.
 24590 | Gauntlet | Found a transporter.
 24653 | Gauntlet | Found a transporter.
 24719 | Gauntlet | Identified the ring "Womiyj" {rF+ Will+ rCorr}
 24738 | Gauntlet | Identified the ring of Fragile Peace {MP+9 Str+2 Dex+6}
 24753 | Gauntlet | Received a gift from Okawaru
 24913 | D:13     | Reached skill level 14 in Fighting
 24913 | D:13     | Reached skill level 5 in Spellcasting
 24923 | D:13     | Received a gift from Okawaru
 25034 | D:13     | Reached XP level 15. HP: 138/138 MP: 12/21
 25062 | D:13     | Noticed Rupert
 25074 | D:13     | Killed Rupert
 26155 | D:14     | Found a gate to the Vaults.
 26199 | D:14     | Identified the +8 great sword "Nysaopn" {vorpal, rElec rN+
                  | Int+4}
 26539 | D:15     | Entered Level 15 of the Dungeon
 26619 | D:15     | Identified the +4 battleaxe of the Butterfly {drain, rF++}
                  | (Okawaru gifted it to you on level 15 of the Dungeon)
 26619 | D:15     | Received a gift from Okawaru
 26886 | D:15     | Found a staircase to the Depths.
 27086 | D:15     | Identified the +2 war axe of Skirmishing {venom, Fragile
                  | rPois rN+++ Str-3 Dex+4}
 27305 | Orc:1    | Entered Level 1 of the Orcish Mines
 27305 | Orc:1    | Found Ojigaps's Armour Emporium.
 27483 | Orc:1    | Received a gift from Okawaru
 27802 | Orc:1    | Noticed an orc warlord
 27813 | Orc:1    | Killed an orc warlord
 27976 | Orc:2    | Entered Level 2 of the Orcish Mines
 28211 | Orc:2    | Found Xeco's Jewellery Shop.
 28260 | Orc:2    | Found a staircase to the Elven Halls.
 28471 | Orc:2    | Found Ustring's Antique Armour Shop.
 28547 | Orc:2    | Noticed Saint Roka
 28590 | Orc:2    | Killed Saint Roka
 28591 | Orc:2    | Reached skill level 15 in Fighting
 28615 | Orc:2    | Found Qaceown Sujy's Antique Weapon Shop.
 28619 | Orc:2    | Found Syff's Antique Armour Boutique.
 28968 | Orc:2    | Bought a shiny plate armour for 780 gold pieces
 29002 | Orc:2    | Bought a shiny plate armour for 780 gold pieces
 29227 | Swamp:1  | Entered Level 1 of the Swamp
 29314 | Swamp:1  | Received a gift from Okawaru
 29319 | Swamp:1  | Reached skill level 10 in Throwing
 29325 | Swamp:1  | Reached skill level 10 in Dodging
 29328 | Swamp:1  | Reached skill level 15 in Armour
 29384 | Swamp:1  | Reached XP level 16. HP: 149/149 MP: 13/22
 29411 | Swamp:1  | Identified the +7 morningstar "Goerox" {elec, *Noise rPois
                  | Int+4 Dex+5} (Okawaru gifted it to you on level 1 of the
                  | Swamp)
 29411 | Swamp:1  | Received a gift from Okawaru
 30277 | Swamp:2  | Received a gift from Okawaru
 30797 | Swamp:3  | Reached skill level 16 in Fighting
 31100 | Swamp:3  | Noticed Jorgrun
 31119 | Swamp:3  | Killed Jorgrun
 31214 | Swamp:3  | Received a gift from Okawaru
 31437 | Swamp:4  | Entered Level 4 of the Swamp
 31659 | Swamp:4  | Paralysed by a hornet for 3 turns
 31696 | Swamp:3  | Received a gift from Okawaru
 31773 | Swamp:4  | Identified the +2 pair of boots "Denloab" {rN+++ Regen+
                  | Str-4 Slay-6} (Okawaru gifted it to you on level 4 of the
                  | Swamp)
 31773 | Swamp:4  | Received a gift from Okawaru
 31872 | Swamp:4  | Got a decaying rune of Zot
 31930 | Swamp:4  | Reached skill level 17 in Fighting
 32129 | Swamp:2  | Reached XP level 17. HP: 161/161 MP: 14/23
 32219 | Spider:1 | Entered Level 1 of the Spider Nest
 32268 | Spider:1 | Reached skill level 1 in Evocations
 32528 | Spider:1 | Noticed Roxanne
 32549 | Spider:1 | Killed Roxanne
 33525 | Spider:2 | Received a gift from Okawaru
 34893 | Spider:4 | Entered Level 4 of the Spider Nest
 35151 | Spider:4 | Received a gift from Okawaru
 35413 | Spider:4 | Received a gift from Okawaru
 35419 | Spider:4 | Reached XP level 18. HP: 87/171 MP: 16/25
 35552 | Spider:4 | Received a gift from Okawaru
 35611 | Spider:4 | Reached skill level 18 in Fighting
 35756 | Spider:4 | Got a gossamer rune of Zot
 36523 | Vaults:1 | Entered Level 1 of the Vaults
 36715 | Vaults:1 | Identified the +7 crystal plate armour "Qizunuov" {rC+
                  | Regen+ Stlth+} (Okawaru gifted it to you on level 1 of the
                  | Vaults)
 36715 | Vaults:1 | Received a gift from Okawaru
 36788 | Vaults:1 | Reached skill level 5 in Evocations
 36976 | Vaults:1 | Noticed Zenata
 37650 | Vaults:1 | Killed Zenata
 38337 | Vaults:2 | Identified the +0 crystal plate armour "Sygg" {Int+3}
                  | (Okawaru gifted it to you on level 2 of the Vaults)
 38337 | Vaults:2 | Received a gift from Okawaru
 38475 | Vaults:2 | Noticed Donald
 38490 | Vaults:2 | Killed Donald
 38573 | Vaults:2 | Reached XP level 19. HP: 181/181 MP: 16/27
 39211 | Vaults:3 | Noticed Asterion
 39233 | Vaults:3 | Killed Asterion
 39323 | Vaults:3 | HP: 9/181 [ironbound thunderhulk/bolt of lightning (35)]
 39480 | Vaults:3 | Found a staircase to the Crypt.
 39707 | Vaults:3 | Reached skill level 19 in Fighting
 39895 | Vaults:3 | Received a gift from Okawaru
 40071 | Vaults:3 | Identified the +1 kite shield of Impermeability {Regen+
                  | Int+2 SInv} (Okawaru gifted it to you on level 3 of the
                  | Vaults)
 40071 | Vaults:3 | Received a gift from Okawaru
 41165 | Vaults:4 | Reached XP level 20. HP: 191/191 MP: 19/28
 41241 | Vaults:4 | Identified the +0 pair of boots of Optimism {rF+} (Okawaru
                  | gifted it to you on level 4 of the Vaults)
 41241 | Vaults:4 | Received a gift from Okawaru
 41653 | Vaults:4 | Noticed Sojobo
 41677 | Vaults:4 | Killed Sojobo
 42218 | Vaults:5 | Entered Level 5 of the Vaults
 42255 | Vaults:5 | Reached skill level 20 in Fighting
 42299 | Vaults:5 | Noticed a dread lich
 42349 | Vaults:5 | Paralysed by a dread lich for 2 turns
 42371 | Vaults:4 | Killed a dread lich
 42423 | Vaults:5 | Noticed a dread lich
 42428 | Vaults:5 | Noticed a golden dragon
 42432 | Vaults:5 | Paralysed by a dread lich for 3 turns
 42444 | Vaults:4 | Killed a dread lich
 42444 | Vaults:4 | Received a gift from Okawaru
 42571 | Vaults:5 | Reached skill level 15 in Shields
 42574 | Vaults:5 | Identified the +6 long sword "Luste" {protect, rN+ Stlth+}
 42580 | Vaults:5 | Killed a golden dragon
 42582 | Vaults:5 | Received a gift from Okawaru
 42707 | Vaults:5 | Noticed a dread lich
 42732 | Vaults:5 | Reached XP level 21. HP: 202/202 MP: 21/30
 42740 | Vaults:5 | Killed a dread lich
 42780 | Vaults:5 | Received a gift from Okawaru
 42805 | Vaults:5 | Identified the +1 mace "Weorgherch" {pain, rN++ Str-4}
                  | (Okawaru gifted it to you on level 5 of the Vaults)
 42805 | Vaults:5 | Received a gift from Okawaru
 42915 | Vaults:5 | Reached skill level 15 in Throwing
 43051 | Vaults:5 | Identified the +1 pair of boots of the Valley of Death
                  | {rF+++ rN+ Dex-4}
 43172 | Vaults:5 | Reached skill level 15 in Dodging
 43184 | Vaults:5 | Got a silver rune of Zot
 43391 | Vaults:5 | Noticed a golden dragon
 43407 | Vaults:5 | Killed a golden dragon
 43445 | Vaults:5 | Received a gift from Okawaru
 43575 | Vaults:5 | Found Sirghet's Antique Armour Shoppe.
 43599 | Vaults:5 | Found Arghosm's Distillery.
 43603 | Vaults:5 | Bought a potion of invisibility for 96 gold pieces
 43603 | Vaults:5 | Bought a potion of heal wounds for 60 gold pieces
 43603 | Vaults:5 | Bought a potion of mutation for 96 gold pieces
 43678 | Vaults:5 | Found the +3 pair of seven-league boots {Rampage+∞}
 43679 | Vaults:5 | Found the +8 storm bow {elec, penet}
 44296 | Depths:1 | Entered Level 1 of the Depths
 44297 | Depths:1 | Found a runed translucent gate.
 44299 | Depths:1 | Found a runed translucent gate.
 44336 | Depths:1 | Found a runed translucent gate.
 44440 | Depths:1 | Found a gateway to Hell.
 44460 | Depths:1 | Received a gift from Okawaru
 45114 | Depths:2 | Received a gift from Okawaru
 45127 | Depths:1 | Reached skill level 21 in Fighting
 45156 | Depths:2 | You fall into a shaft and drop 1 floor!
 45449 | Depths:2 | Identified the +1 plate armour "Avykh" {Int+3 Dex+3}
                  | (Okawaru gifted it to you on level 2 of the Depths)
 45449 | Depths:2 | Received a gift from Okawaru
 45465 | Depths:2 | Found Tibett's Armour Boutique.
 45469 | Depths:2 | Found Cobb's Antique Weapon Boutique.
 45469 | Depths:2 | Found Kablow Utez's Magic Scroll Boutique.
 45470 | Depths:2 | Found Rarozuus's General Store.
 45481 | Depths:2 | Bought a scroll of teleportation for 42 gold pieces
 45481 | Depths:2 | Bought a scroll of blinking for 105 gold pieces
 45494 | Depths:2 | Bought a scroll of blinking for 142 gold pieces
 45494 | Depths:2 | Bought a scroll of blinking for 142 gold pieces
 45494 | Depths:2 | Bought a scroll of teleportation for 57 gold pieces
 45691 | Depths:2 | Found a one-way gate leading to the halls of Pandemonium.
 45696 | Depths:2 | Gained mutation: You sometimes lose your temper in combat.
                  | [a cacodemon]
 45715 | Depths:2 | Lost mutation: You sometimes lose your temper in combat.
                  | [potion of mutation]
 45715 | Depths:2 | Gained mutation: You are partially covered in iridescent
                  | scales. (AC +2) [potion of mutation]
 45715 | Depths:2 | Gained mutation: You are covered in fur. (AC +1) [potion of
                  | mutation]
 45888 | Depths:2 | Reached XP level 22. HP: 127/213 MP: 23/32
 45948 | Depths:2 | Identified the +4 crystal plate armour "Ruhuw" {rPois
                  | Regen+ Dex-5 Stlth+}
 45964 | Depths:2 | Reached skill level 15 in Invocations
 45964 | Depths:2 | Found a radiant altar of Vehumet.
 46728 | Depths:3 | Found an iron altar of Okawaru.
 47048 | Depths:3 | Found a one-way gate to the infinite horrors of the Abyss.
 47571 | Depths:4 | Entered Level 4 of the Depths
 47574 | Depths:4 | Received a gift from Okawaru
 47602 | Depths:4 | Noticed a juggernaut
 47621 | Depths:4 | Killed a juggernaut
 47684 | Depths:4 | Found Ruquhy's Antique Weapon Emporium.
 47708 | Depths:4 | Found Zuaria's Antique Weapon Emporium.
 47833 | Depths:4 | Noticed Xtahua
 47835 | Depths:4 | Paralysed by Xtahua for 3 turns
 47849 | Depths:4 | Killed Xtahua
 47913 | Depths:4 | Found a one-way gateway to a ziggurat.
 48054 | Depths:4 | Found a gate to the Realm of Zot.
 48091 | Depths:4 | Noticed a golden dragon
 48105 | Depths:4 | Killed a golden dragon
 48105 | Depths:4 | Received a gift from Okawaru
 48555 | Depths:4 | Received a gift from Okawaru
 48750 | Zot:1    | Entered Level 1 of the Realm of Zot
 48789 | Zot:1    | Reached skill level 22 in Fighting
 48982 | Zot:1    | Received a gift from Okawaru
 49005 | Zot:1    | Received a gift from Okawaru
 49098 | Zot:1    | Noticed a golden dragon
 49104 | Zot:1    | Killed a golden dragon
 49276 | Zot:1    | Reached XP level 23. HP: 200/224 MP: 24/33
 49390 | Zot:1    | Identified the +2 pair of boots of the Echidna {rF+}
                  | (Okawaru gifted it to you on level 1 of the Realm of Zot)
 49390 | Zot:1    | Received a gift from Okawaru
 50266 | Zot:2    | Found a transporter.
 50267 | Zot:2    | Found a transporter.
 50769 | Zot:2    | Reached skill level 23 in Fighting
 50801 | Zot:2    | Identified the +0 scale mail of the Saviour {Int+6 Dex-2}
 51288 | Zot:3    | Reached skill level 24 in Fighting
 51383 | Zot:3    | Noticed an orb of fire
 51388 | Zot:3    | Gained mutation: Armour fits poorly on your strangely
                  | shaped body. [an orb of fire]
 51394 | Zot:3    | Gained mutation: You sometimes lose your temper in combat.
                  | [an orb of fire]
 51395 | Zot:3    | Killed an orb of fire
 51395 | Zot:3    | Received a gift from Okawaru
 51409 | Zot:3    | Lost mutation: You are partially covered in iridescent
                  | scales. (AC +2) [potion of mutation]
 51409 | Zot:3    | Lost mutation: You are covered in fur. (AC +1) [potion of
                  | mutation]
 51409 | Zot:3    | Lost mutation: Armour fits poorly on your strangely shaped
                  | body. [potion of mutation]
 51409 | Zot:3    | Lost mutation: You sometimes lose your temper in combat.
                  | [potion of mutation]
 51409 | Zot:3    | Gained mutation: You are weak. (Str -2) [potion of
                  | mutation]
 51409 | Zot:3    | Lost mutation: You are weak. (Str -2) [potion of mutation]
 51551 | Zot:3    | Received a gift from Okawaru
 51767 | Zot:3    | Received a gift from Okawaru
 51768 | Zot:3    | Reached skill level 25 in Fighting
 52010 | Zot:3    | Received a gift from Okawaru
 52241 | Zot:3    | Received a gift from Okawaru
 52977 | Zot:3    | Received a gift from Okawaru
 52984 | Zot:3    | Noticed a dread lich
 53003 | Zot:3    | Killed a dread lich
 53004 | Zot:3    | Reached skill level 26 in Fighting
 53004 | Zot:3    | Reached XP level 24. HP: 240/245 MP: 2/33
 53016 | Zot:3    | Identified the +0 tower shield of Doucluy {rC+ rCorr Int+5
                  | Dex-4} (Okawaru gifted it to you on level 3 of the Realm of
                  | Zot)
 53016 | Zot:3    | Received a gift from Okawaru
 53581 | Zot:4    | Reached skill level 27 in Fighting
 54063 | Zot:4    | Found a runed translucent gate.
 54063 | Zot:4    | Found a runed translucent gate.
 54063 | Zot:4    | Found a runed translucent gate.
 54066 | Zot:4    | Found an ancient bone altar of Kikubaaqudgha.
 54067 | Zot:4    | Noticed an ancient lich
 54067 | Zot:4    | Noticed an ancient lich
 54067 | Zot:4    | Noticed a dread lich
 54067 | Zot:4    | Noticed an ancient lich
 54067 | Zot:4    | Noticed Wentworth's ghost (master OpIE)
 54084 | Zot:4    | Killed an ancient lich
 54084 | Zot:4    | Killed an ancient lich
 54084 | Zot:4    | Killed from afar by Wentworth's ghost

Illustrated notes

Levels and vault maps discovered:
D:1:      minmay_arrival_nine_rooms, layout_basic, basic_ecumenical_altar
D:2:      layout_basic, serial_shops, shop, st_stairs_14
D:3:      layout_rooms, slow_altar_1, nicolae_kikubaaqudgha_miasma_corner
D:4:      layout_basic, gup_sewer_entry_spiral
D:5:      cheibrodos_fertilizer, layout_basic, evilmike_ruin_ashenzari,
          uniq_menkaure
D:6:      layout_basic, mainiacjoe_overflow_tiny_flanked,
          minmay_temple_entry_waves, serial_shops, shop
D:7:      kennysheep_six_static_rooms, layout_cave_pods, minitemple,
          serial_shops, nicolae_square_shop, nicolae_specific_store
D:8:      layout_basic, nemelex_xobeh_ov_fountains_minmay,
          gammafunk_temple_overflow_pools, dreamdust_princess_bridge,
          uniq_maggie
D:9:      layout_basic, lemuel_round_altar, zombieorc2_lemuel, serial_shops,
          shop, nicolae_shop_crystal, shop, shop, uniq_grum
D:10:     layout_roguey, mainiacjoe_overflow_small_starburst, enter_trove_3,
          evilmike_butchery, uniq_fannar
D:11:     layout_stronghold, vehumet_statue, uniq_snorg
D:12:     layout_rooms
D:13:     layout_cave_pools, gauntlet_entry_generic,
          hangedman_decor_diamond_cutter, uniq_maurice, uniq_rupert, uniq_lodul
D:14:     layout_loops_cross, david_vaults_4, serial_rivers,
          chequers_serial_rivers_room_b, chequers_serial_rivers_small_3,
          chequers_serial_rivers_micro_e, chequers_serial_rivers_large_a,
          chequers_serial_rivers_micro_e, chequers_serial_rivers_large_b
D:15:     grunt_enter_depths_hoard, layout_rooms, minivault_26
Temple:   nicolae_temple_bog_church
Lair:1:   layout_cave_pods, nicolae_quartered_pool_little
Lair:2:   layout_gridlike, spider_nest_entry_webs, grunt_megastairs_1,
          infiniplex_staircase_pool_2
Lair:3:   layout_gridlike, minmay_swamp_entry_worms,
          nzn_masters_of_martial_movement
Lair:4:   layout_regular_city, uniq_urug
Lair:5:   hangedman_lair_caniforms_friends, layout_loops_ring,
          guppyfry_lair_end_dragon, nicolae_slime_entry_slimehenge,
          portal_ice_cave_rime, minmay_stone_trees_small, kennysheep_rathole
Swamp:1:  layout_basic_swamp, evilmike_swamp_ruin_rubble_1
Swamp:2:  layout_basic_swamp, evilmike_swamp_ruin_house_6,
          infiniplex_staircase_pool
Swamp:3:  layout_basic_swamp, evilmike_swamp_ruin_house_2, swamp_pool5,
          st_shrine_of_shade, uniq_jorgrun
Swamp:4:  swamp, layout_basic_swamp
Spider:1: layout_spider_delve, uniq_roxanne
Spider:2: layout_spider_delve, hellmonk_deceptive_appearances
Spider:3: layout_chambers
Spider:4: hellmonk_spider_rune_bug_friends, drop_trap,
          nicolae_spider_nooks_and_crannies
Orc:1:    cheibrodos_orc_guarddog, layout_diamond_mine, serial_shops,
          nicolae_square_shop, minmay_orc_barracks
Orc:2:    grunt_orc_community_town_hall, layout_caves,
          grunt_orc_community_big_house_1, grunt_orc_community_big_house_1,
          grunt_orc_community_house_3, grunt_orc_community_house_3,
          grunt_orc_community_house_2, grunt_orc_community_house_3,
          grunt_orc_community_house_2, grunt_orc_community_house_2
Vaults:1: vaults_dpeg_encased_lava, v_alt_pattern_6, vaults_room_corners,
          st_eye, vaults_room_fancy_cross, vaults_dpeg_hooks,
          nicolae_vaults_rhombus_6, nicolae_vaults_asterisk,
          vaults_dpeg_emergency_exit, layout_vaults_big_room, uniq_zenata
Vaults:2: ontoclasm_vaults_hangar, grunt_vaults_swirl,
          grunt_vaults_hallway_long, grunt_vaults_focal,
          nicolae_vaults_little_squares_5, nicolae_vaults_alarming,
          layout_vaults_quadrants, uniq_donald, uniq_margery
Vaults:3: hangedman_vaults_slither, minmay_crypt_entry_simple_walls,
          nicolae_vaults_network_barrier, ontoclasm_vaults_tryst, v_rooms_6,
          v_misc_12, v_misc_12, v_alt_pattern_2, kb_rosetta,
          nicolae_vaults_little_squares_4, hangedman_vaults_stretched_pinwheel,
          grunt_vaults_diagonal, grunt_vaults_hallway_long, layout_vaults_maze,
          uniq_asterion
Vaults:4: st_diamondy, v_misc_27, v_misc_27, nicolae_vaults_three_branches,
          dpeg_vaults_monster_box, nicolae_vaults_little_ls,
          ontoclasm_vaults_spin, v_misc_4, v_misc_16, layout_vaults_ring,
          uniq_sojobo
Vaults:5: serial_shops
Depths:1: layout_cave_shapes, minmay_hedge_maze, hell_entry,
          serial_sigils_hangedman_confine, nicolae_kite_square_tiling_tiny,
          pandoras_box_mu
Depths:2: dpeg_oklob_shooting_range, layout_gridlike, nicolae_twisting_strands,
          hell_entry, rand_demon_pan_entry_9, minmay_shop_grid_forest,
          hangedman_abyss_or_decor_stabs, lemuel_statue_altar
Depths:3: hourglass_vault, layout_basic, abyss_entry, lightli_too_deep,
          okawaru_ov_weapons_minmay
Depths:4: grunt_zot_entry_gee_three, layout_long_grid, enter_ziggurat_f,
          serial_shops, shop, hellmouth_1, chequers_jeans, grunt_ministairs_15,
          nicolae_inconvenience_store, hex_tiny, uniq_xtahua
Zot:1:    layout_twisted_circle
Zot:2:    gammafunk_sealed_arena, layout_concentric_octagons
Zot:3:    layout_gridlike, nzn_random_ring, lemuel_elevator, grunt_megastairs_3
Zot:4:    layout_concentric_octagons, gammafunk_ghost_crypt

Skill      XL: |  1  2  3  4  5  6  7  8  9 10 11 12 13 14 15 16 17 18 19 20 21 22 23 24 |
---------------+-------------------------------------------------------------------------+-----
Maces & Flails | 3 4 5 6 7 10 12 13 15 16 | 16.0
Fighting       | 4 5 6 7 9 10 11 12 13 14 15 17 18 19 20 21 22 26 27 | 27.0
Throwing       | 1 2 3 4 5 6 7 8 10 11 12 13 14 15 16 | 16.1
Invocations    | 4 6 8 10 11 12 13 14 15 | 15.1
Dodging        | 3 5 6 8 10 11 12 13 14 16 18 20 | 20.2
Armour         | 5 6 8 9 12 15 18 19 20 21 22 23 | 23.1
Shields        | 5 6 8 9 10 11 12 14 15 16 19 20 | 20.2
Spellcasting   | 3 5 |  5.0
Evocations     | 4 5 |  5.0

Action                   |  1- 3 |  4- 6 |  7- 9 | 10-12 | 13-15 | 16-18 | 19-21 | 22-24 || total
-------------------------+-------+-------+-------+-------+-------+-------+-------+-------++-------
Melee: Flail             |   100 |    78 |   445 |   680 |   483 |       |       |       ||  1786
       Headbutt          |    11 |    10 |    68 |   157 |   351 |   540 |   739 |   679 ||  2555
       Dire flail        |       |       |       |    32 |    28 |       |       |       ||    60
       Morningstar       |       |       |       |       |   516 |   467 |       |       ||   983
       Staff             |       |       |       |       |     6 |       |       |    13 ||    19
       Demon whip        |       |       |       |       |       |   703 |  1514 |  1481 ||  3698
Throw: Dart              |     5 |     9 |    88 |   137 |    42 |     2 |    14 |       ||   297
       Boomerang         |       |       |       |    12 |    42 |    98 |    25 |    38 ||   215
       Javelin           |       |       |       |     3 |    63 |    52 |    49 |    33 ||   200
Invok: Heroism           |       |       |       |    21 |    25 |    13 |    19 |    28 ||   106
       Finesse           |       |       |       |     1 |     2 |     3 |     4 |     5 ||    15
Evoke: Wand              |       |       |       |    24 |       |     2 |       |     4 ||    30
  Use: Potion            |       |     1 |       |     1 |     2 |       |     8 |     2 ||    14
       Scroll            |       |       |     6 |     5 |    17 |    12 |    10 |     4 ||    54
 Stab: Invisible         |       |       |       |     1 |       |       |     5 |       ||     6
       Confused          |       |       |       |       |       |       |       |     1 ||     1
Armor: Scale mail        |    47 |       |       |       |       |       |       |       ||    47
       Chain mail        |       |    49 |   248 |    42 |       |       |       |       ||   339
       Ring mail         |       |       |       |   124 |    57 |       |       |       ||   181
       Plate armour      |       |       |       |       |   241 |   357 |       |       ||   598
       Crystal plate arm |       |       |       |       |       |    29 |   494 |   461 ||   984
Dodge: Dodged            |    52 |    19 |   116 |   311 |   450 |   605 |   630 |   583 ||  2766
       Repelled          |       |       |       |       |       |    10 |    13 |    46 ||    69
Block: Buckler           |    25 |    15 |    70 |    35 |       |       |       |       ||   145
       Kite shield       |       |       |       |   217 |   802 |   958 |   935 |   614 ||  3526
       Tower shield      |       |       |       |       |       |       |       |   168 ||   168
       Rpst.: Flail      |       |       |       |       |    77 |       |       |       ||    77
       Morningstar       |       |       |       |       |   157 |   173 |     1 |       ||   331
       Demon whip        |       |       |       |       |       |   246 |   380 |   296 ||   922
       Staff             |       |       |       |       |       |       |       |    12 ||    12
